 Dungeon Crawl Stone Soup version 0.21.1-1-g345015fe64 (webtiles) character file.

2507 PikkenKukken the Basher (level 9, -2/55 HPs)
             Began as a Gargoyle Fighter on June 7, 2018.
             Slain by Tali's ghost (10 damage)
             ... on level 8 of the Dungeon.
             The game lasted 00:21:35 (7738 turns).

PikkenKukken the Basher (Gargoyle Fighter)          Turns: 7738, Time: 00:21:36

Health: -2/55      AC: 16    Str: 29    XL:     9   Next: 53%
Magic:  16/16      EV: 12    Int:  8    God:
Gold:   387        SH:  0    Dex: 11    Spells: 17/17 levels left

rFire    . . .     SeeInvis .   a - +0 morningstar
rCold    . . .     Gourm    .   (no shield)
rNeg     + . .     Faith    .   C - +0 scale mail
rPois    ∞         Spirit   .   q - +0 helmet
rElec    +         Reflect  .   m - +0 cloak
rCorr    .         Harm     .   (no gloves)
MR       .....                  (no boots)
Stlth    ..........             (no amulet)
HPRegen  0.18/turn              l - +1 ring of evasion
MPRegen  0.15/turn              B - +2 ring of strength

@: mighty
A: negative energy resistance 1, electricity resistance, unbreathing,
petrification resistance, rot immunity, AC +6
a: no special abilities


You were on level 8 of the Dungeon.
You were not hungry.

You visited 2 branches of the dungeon, and saw 9 of its levels.
You also visited: Sewer.

You collected 387 gold pieces.

Inventory:

Hand Weapons
 a - a +0 morningstar (weapon)
 b - a +0 shortbow
 z - a +0 whip of flaming
 D - a +1 flail
Missiles
 j - 120 arrows
 k - 3 curare-tipped needles
 r - 33 bolts
 u - 36 poisoned needles
Armour
 c - a +1 shield
 m - a +0 cloak (worn)
 q - a +0 helmet (worn)
 C - a +0 scale mail (worn)
Jewellery
 l - a +1 ring of evasion (left hand)
 B - a +2 ring of strength (right hand)
 E - an uncursed ring of flight {unknown}
Wands
 n - a wand of iceblast (6)
 p - a wand of flame (14)
Scrolls
 e - 4 scrolls of fog
 h - 5 scrolls of teleportation
 i - 4 scrolls of identify
 o - 2 scrolls of remove curse
 w - 3 scrolls of blinking
 A - a scroll of noise {unknown}
 G - a scroll of silence {unknown}
Potions
 d - 3 potions of might
 g - 4 potions of curing
 s - a potion of ambrosia {unknown}
 t - 2 potions of heal wounds
 v - a potion of brilliance {unknown}
 F - a potion of degeneration {unknown}
Books
 y - a book of Air

   Spells                             Type                      Level
   a - Shock                          Conjuration/Air              1
   b - Swiftness                      Charms/Air                   2
   c - Static Discharge               Conjuration/Air              3
   d - Airstrike                      Air                          4
   e - Lightning Bolt                 Conjuration/Air              5
Comestibles
 f - 11 rations


   Skills:
 + Level 6.0 Fighting
 + Level 8.6 Maces & Flails
 + Level 1.1 Bows
 + Level 6.0 Armour
 + Level 2.6 Dodging
 - Level 3.7 Shields
 * Level 4.7 Spellcasting


You had 17 spell levels left.
You didn't know any spells.

Dungeon Overview and Level Annotations

Branches:
Dungeon (8/15)             Temple (1/1) D:7
   Lair: D:8-11

Altars:
Ashenzari
Cheibriados
Dithmenos
Gozag
Hepliaklqana
Kikubaaqudgha
Makhleb
Okawaru
Ru
Sif Muna
Uskayaw
Vehumet
Xom
Yredelemnul

Annotations:
D:8 Tali's ghost, novice MiFi


Innate Abilities, Weirdness & Mutations

You are resistant to torment.
Your stone body is resilient. (AC +6)
You are immune to poison.
You resist negative energy. (rN+)
You are resistant to electric shocks. (rElec)
You can survive without breathing.
You are immune to petrification.
You are immune to rotting.


Message History

Tali's ghost is moderately damaged.
The hound bites you but does no damage. Tali's ghost hits you!
* * * LOW HITPOINT WARNING * * *
Tali's ghost freezes you.
* * * LOW HITPOINT WARNING * * *
The hound bites you but does no damage.
You miss Tali's ghost.
Tali's ghost is moderately damaged.
The hound closely misses you.
Tali's ghost hits you but does no damage.
The hound bites you.
* * * LOW HITPOINT WARNING * * *
Tali's ghost hits you.
* * * LOW HITPOINT WARNING * * *
Tali's ghost freezes you.
* * * LOW HITPOINT WARNING * * *
You completely miss Tali's ghost.
Tali's ghost is moderately damaged.
The hound bites you but does no damage. Tali's ghost hits you!
You die...

## .. ########Z##
... #..'.##E#§##
#..# #..#.#####.#
#.># ##.##..._#E#
#..# ##...##...###
#..###....##_..###
#..h.......###...#
##..@......# ###'#
##.W......# #..#
#.......## #..#
##.....## ##.#
##.#### #..# #.#
###.## .##
#....####
#.......#
#........


You could see a hound and Tali's ghost.

Vanquished Creatures
  Pikel (D:7)
  The ghost of GreedyOne the Sneak, an amateur KoEn (D:3)
  A hungry ghost (D:7)
  An ice beast (D:7)
  2 slaves (D:7)
  6 ogres
  2 centaurs
  3 big kobolds (Sewer)
  A bullfrog (D:7)
  2 howler monkeys (D:4)
  A crimson imp (D:7)
  2 jellies
  2 hounds
  2 orc priests (D:7)
  Natasha (D:1)
  3 iguanas (D:5)
  A killer bee zombie (D:7)
  3 worker ants
  A hound skeleton (D:5)
  7 adders
  4 gnolls (D:5)
  5 river rats (Sewer)
  11 oozes
  2 adder skeletons (D:5)
  5 worms
  2 dart slugs
  4 leopard geckos
  12 orcs
  2 ball pythons (Sewer)
  3 giant cockroaches
  7 goblins
  7 hobgoblins
  13 jackals
  14 kobolds
  10 bats
  2 frilled lizards
  A quokka skeleton (D:6)
  2 quokka zombies
  10 rats
  A rat zombie (D:4)
160 creatures vanquished.

Vanquished Creatures (others)
  2 slaves (D:7)
  An orc wizard (D:7)
  A quokka (D:7)
4 creatures vanquished.

Grand Total: 164 creatures vanquished

Notes
Turn   | Place    | Note
-------+----------+-------------------------------------------
     0 | D:1      | PikkenKukken the Gargoyle Fighter began the quest for the Orb.
     0 | D:1      | Reached XP level 1. HP: 14/14 MP: 1/1
   110 | D:1      | Reached XP level 2. HP: 19/19 MP: 2/2
   388 | D:1      | Reached XP level 3. HP: 23/23 MP: 3/3
   855 | D:1      | Reached skill level 3 in Maces & Flails
   859 | D:2      | Noticed Natasha
   872 | D:1      | Killed Natasha
   872 | D:1      | Reached XP level 4. HP: 25/28 MP: 3/5
  1030 | D:2      | Reached skill level 1 in Spellcasting
  1405 | D:3      | Found a glowing drain.
  1430 | Sewer    | Entered a sewer
  1518 | Sewer    | Reached XP level 5. HP: 10/33 MP: 6/6
  1826 | Sewer    | Noticed a big kobold
  1849 | Sewer    | Killed a big kobold
  1849 | Sewer    | Reached skill level 4 in Maces & Flails
  2034 | Sewer    | Reached XP level 6. HP: 38/38 MP: 8/8
  2301 | Sewer    | Reached skill level 1 in Dodging
  2325 | Sewer    | Reached skill level 5 in Maces & Flails
  2658 | D:3      | Found a faded altar of an unknown god.
  2951 | D:3      | Noticed GreedyOne's ghost (amateur KoEn)
  2958 | D:3      | Killed GreedyOne's ghost
  2958 | D:3      | Reached XP level 7. HP: 43/43 MP: 10/10
  3149 | D:4      | Reached skill level 6 in Maces & Flails
  4013 | D:5      | Entered Level 5 of the Dungeon
  4043 | D:5      | Reached XP level 8. HP: 48/48 MP: 12/12
  4370 | D:5      | Found an iron altar of Okawaru.
  4828 | D:5      | Reached skill level 7 in Maces & Flails
  5012 | D:5      | Reached skill level 5 in Armour
  5394 | D:6      | Reached skill level 5 in Fighting
  5539 | D:6      | Found an opulent altar of Gozag.
  6063 | D:7      | Noticed Pikel
  6135 | D:7      | Killed Pikel
  6135 | D:7      | Reached skill level 8 in Maces & Flails
  6135 | D:7      | Reached XP level 9. HP: 51/54 MP: 13/15
  7075 | D:7      | Reached skill level 1 in Bows
  7275 | D:7      | Found a staircase to the Ecumenical Temple.
  7284 | Temple   | Entered the Ecumenical Temple
  7688 | D:8      | Found a hazy altar of Hepliaklqana.
  7690 | D:8      | Found a shimmering altar of Xom.
  7691 | D:8      | Noticed a spectral ugly thing
  7708 | D:8      | Noticed Tali's ghost (novice MiFi)
  7738 | D:8      | Slain by Tali's ghost

Skill      XL: |  1  2  3  4  5  6  7  8  9 |
---------------+----------------------------+-----
Maces & Flails | 3 4 5 6 8 |  8.6
Spellcasting   | 1 2 3 4 |  4.7
Armour         | 4 5 6 |  6.0
Fighting       | 4 5 6 |  6.0
Dodging        | 1 2 |  2.6
Bows           | 1 |  1.1
Shields        | |  3.7

Action                   |  1- 3 |  4- 6 |  7- 9 || total
-------------------------+-------+-------+-------++-------
Melee: Flail             |    82 |   260 |   286 ||   628
       Morningstar       |       |       |    80 ||    80
       Whip              |       |       |    31 ||    31
 Fire: Shortbow          |       |       |    25 ||    25
  Use: Scroll            |     5 |     3 |     2 ||    10
       Potion            |     3 |     4 |     1 ||     8
  Eat: Chunk             |       |     4 |    16 ||    20
       Ration            |       |     1 |     2 ||     3
Armor: Scale mail        |    48 |   105 |   196 ||   349
Dodge: Dodged            |    17 |    66 |   193 ||   276
Block: Shield            |    44 |   138 |   114 ||   296
